| TOP OF THE 1ST |
|
Eugene Emeralds batting - Pitching for Milwaukee (NYP) Brewers : RHP Cesar Pulido
|
|
Pitching: RHP Cesar Pulido
|
|
|
Batting: RHB Hugo Torrez
|
0-0: Ball 1-0: Foul Ball, location: 2F 1-1: Ball 2-1: Foul Ball, location: 2F 2-2: Foul Ball, location: 2F 2-2: Foul Ball, location: 2F 2-2: Foul Ball, location: 2F 2-2: Strikes out swinging
|
|
Batting: RHB David Bousfield
|
0-0: Foul Ball, location: 2F 0-1: Called Strike 0-2: Ball 1-2: Foul Ball, location: 2F 1-2: Foul Ball, location: 2F 1-2: Ground out 1-3 (Groundball, P, EV 70.0 MPH)
|
|
Batting: RHB Jorge Lagunas
|
0-0: Ball 1-0: Ball 2-0: Ball 3-0: Called Strike 3-1: Called Strike 3-2: Foul Ball, location: 2F 3-2: Strikes out swinging
|
| Top of the 1st over - 0 runs, 0 hits, 0 errors, 0 left on base; Eugene 0 - Milwaukee (NYP) 0 |
| BOTTOM OF THE 1ST |
|
Milwaukee (NYP) Brewers batting - Pitching for Eugene Emeralds : RHP Rodolfo Perez
|
|
Pitching: RHP Rodolfo Perez
|
|
|
Batting: RHB Chris Maul
|
0-0: Called Strike 0-1: Ground out 6-3 (Groundball, 6, EV 108.1 MPH)
|
|
Batting: RHB Ryan Miller
|
0-0: Swinging Strike 0-1: Foul Ball, location: 2F 0-2: Ball 1-2: Strikes out swinging
|
|
Batting: RHB Tristan Smeets
|
0-0: Called Strike 0-1: Ball 1-1: Ball 2-1: Ground out 3-1 (Groundball, 34, EV 101.9 MPH)
|
| Bottom of the 1st over - 0 runs, 0 hits, 0 errors, 0 left on base; Eugene 0 - Milwaukee (NYP) 0 |
| TOP OF THE 2ND |
|
Eugene Emeralds batting - Pitching for Milwaukee (NYP) Brewers : RHP Cesar Pulido
|
|
Batting: RHB Bartolo Aguilar
|
0-0: Called Strike 0-1: Foul Ball, location: 2F 0-2: Strikes out swinging
|
|
Batting: RHB Mike Larson
|
0-0: Ball 1-0: Swinging Strike 1-1: Called Strike 1-2: Ground out 3-1 (Groundball, 34, EV 91.2 MPH)
|
|
Batting: RHB Dustin Goldsborough
|
0-0: Foul Ball, location: 2F 0-1: Ball 1-1: Called Strike 1-2: Strikes out looking
|
| Top of the 2nd over - 0 runs, 0 hits, 0 errors, 0 left on base; Eugene 0 - Milwaukee (NYP) 0 |
| BOTTOM OF THE 2ND |
|
Milwaukee (NYP) Brewers batting - Pitching for Eugene Emeralds : RHP Rodolfo Perez
|
|
Batting: RHB Xiao-shuang Au
|
0-0: Reached on error, E1 (Groundball, 13, EV 63.8 MPH)
|
|
Batting: RHB Alfredo Sena
|
0-0: Ball 1-0: Foul Ball, location: 2F 1-1: Ball 2-1: SINGLE (Groundball, 56D, EV 105.0 MPH) Xiao-shuang Au to second
|
|
Batting: LHB John Fortin
|
0-0: Ball 1-0: Ball 2-0: Ball 3-0: Base on Balls Xiao-shuang Au to third Alfredo Sena to second
|
|
Batting: RHB Wiliama Dana
|
0-0: TRIPLE (Flyball, 78XD, EV 108.1 MPH) Xiao-shuang Au scores Alfredo Sena scores John Fortin scores
|
|
Batting: LHB Dusty Bryant
|
0-0: Ball 1-0: Ball 2-0: Ball 3-0: Called Strike 3-1: Swinging Strike 3-2: Base on Balls
|
|
Batting: RHB Chris Riddel
|
0-0: Ball 1-0: Foul Ball, location: 2F 1-1: Swinging Strike 1-2: Ball 2-2: Foul Ball, location: 2F 2-2: Strikes out swinging
|
|
Batting: RHB Chris Maul
|
0-0: Called Strike 0-1: Ball 1-1: Fielders Choice at 2nd, 5-4 (Groundball, 5S, EV 84.4 MPH) Wiliama Dana scores
|
|
Batting: RHB Ryan Miller
|
0-0: Ball Chris Maul steals 2nd, throwing error, E2 Chris Maul to third 1-0: Fly out, F4 (Popup, 4S, EV 66.2 MPH)
|
| Bottom of the 2nd over - 4 runs, 2 hits, 2 errors, 1 left on base; Eugene 0 - Milwaukee (NYP) 4 |
| TOP OF THE 3RD |
|
Eugene Emeralds batting - Pitching for Milwaukee (NYP) Brewers : RHP Cesar Pulido
|
|
Batting: RHB T.J. Garrison
|
0-0: Fly out, F8 (Flyball, 8RD, EV 98.1 MPH)
|
|
Batting: RHB Juan Lira
|
0-0: Ball 1-0: Called Strike 1-1: Called Strike 1-2: Strikes out swinging
|
|
Batting: LHB Jerry Tyson
|
0-0: Swinging Strike 0-1: Ball 1-1: Ball 2-1: Ground out 4-3 (Groundball, 4, EV 85.6 MPH)
|
| Top of the 3rd over - 0 runs, 0 hits, 0 errors, 0 left on base; Eugene 0 - Milwaukee (NYP) 4 |
| BOTTOM OF THE 3RD |
|
Milwaukee (NYP) Brewers batting - Pitching for Eugene Emeralds : RHP Rodolfo Perez
|
|
Batting: RHB Tristan Smeets
|
0-0: Fly out, F8 (Flyball, 8LM, EV 79.4 MPH)
|
|
Batting: RHB Xiao-shuang Au
|
0-0: Ball 1-0: Swinging Strike 1-1: Swinging Strike 1-2: Strikes out swinging
|
|
Batting: RHB Alfredo Sena
|
0-0: Reached on error, E2 (Groundball, 15S, EV 61.9 MPH)
|
|
Batting: LHB John Fortin
|
0-0: Ball Pickoff Throw to First - Out! 1-3
|
| Bottom of the 3rd over - 0 runs, 0 hits, 1 error, 0 left on base; Eugene 0 - Milwaukee (NYP) 4 |
| TOP OF THE 4TH |
|
Eugene Emeralds batting - Pitching for Milwaukee (NYP) Brewers : RHP Cesar Pulido
|
|
Batting: RHB Hugo Torrez
|
0-0: Ball 1-0: Called Strike 1-1: Called Strike 1-2: Strikes out swinging
|
|
Batting: RHB David Bousfield
|
0-0: Ball 1-0: Foul Ball, location: 2F 1-1: Ball 2-1: Called Strike 2-2: Strikes out swinging
|
|
Batting: RHB Jorge Lagunas
|
0-0: Swinging Strike 0-1: Called Strike 0-2: Strikes out looking
|
| Top of the 4th over - 0 runs, 0 hits, 0 errors, 0 left on base; Eugene 0 - Milwaukee (NYP) 4 |
| BOTTOM OF THE 4TH |
|
Milwaukee (NYP) Brewers batting - Pitching for Eugene Emeralds : RHP Rodolfo Perez
|
|
Batting: LHB John Fortin
|
0-0: Ball 1-0: SINGLE (Groundball, 4MD, EV 96.9 MPH)
|
|
Batting: RHB Wiliama Dana
|
0-0: Ball John Fortin steals 2nd base 1-0: DOUBLE (Flyball, 8LXD, EV 101.2 MPH) John Fortin scores
|
|
Batting: LHB Dusty Bryant
|
0-0: Ball 1-0: Called Strike 1-1: Ball 2-1: Swinging Strike Passed Ball! Wiliama Dana to third 2-2: Strikes out swinging
|
|
Batting: RHB Chris Riddel
|
0-0: Called Strike 0-1: Ball 1-1: Ball 2-1: DOUBLE (Line Drive, 8RXD, EV 105.0 MPH) Wiliama Dana scores
|
|
Batting: RHB Chris Maul
|
0-0: Ball 1-0: Ball 2-0: SINGLE (Line Drive, 56D, EV 98.1 MPH) Chris Riddel to third
|
|
Batting: RHB Ryan Miller
|
0-0: Ball 1-0: Called Strike 1-1: Called Strike 1-2: Foul Ball, location: 2F 1-2: Ball 2-2: Foul Ball, location: 2F 2-2: 3-RUN HOME RUN (Flyball, 7D, EV 99.4 MPH), Distance : 371 ft
|
|
Pitching: RHP Jose Mata
|
|
|
Batting: RHB Tristan Smeets
|
0-0: Called Strike 0-1: Called Strike 0-2: Ball 1-2: Ball 2-2: Ground out 5-3 (Groundball, 56S, EV 83.8 MPH)
|
|
Batting: RHB Xiao-shuang Au
|
0-0: Swinging Strike 0-1: Ball 1-1: Fly out, F8 (Flyball, 78M, EV 96.2 MPH)
|
| Bottom of the 4th over - 5 runs, 5 hits, 0 errors, 0 left on base; Eugene 0 - Milwaukee (NYP) 9 |
| TOP OF THE 5TH |
|
Eugene Emeralds batting - Pitching for Milwaukee (NYP) Brewers : RHP Cesar Pulido
|
|
Batting: RHB Bartolo Aguilar
|
0-0: Ball 1-0: Swinging Strike 1-1: Swinging Strike 1-2: Ball 2-2: Strikes out swinging
|
|
Batting: RHB Mike Larson
|
0-0: Ball 1-0: Ball 2-0: Fly out, F1 (Line Drive, P, EV 71.2 MPH)
|
|
Batting: RHB Dustin Goldsborough
|
0-0: Ball 1-0: Ball 2-0: SINGLE (Groundball, 4D, EV 95.0 MPH)
|
|
Batting: RHB T.J. Garrison
|
0-0: Foul Ball, location: 2F 0-1: Ball 1-1: Ball 2-1: Swinging Strike 2-2: Foul Ball, location: 2F 2-2: Foul Ball, location: 2F 2-2: Strikes out looking
|
| Top of the 5th over - 0 runs, 1 hit, 0 errors, 1 left on base; Eugene 0 - Milwaukee (NYP) 9 |
| BOTTOM OF THE 5TH |
|
Milwaukee (NYP) Brewers batting - Pitching for Eugene Emeralds : RHP Jose Mata
|
|
Batting: RHB Alfredo Sena
|
0-0: Ball 1-0: Called Strike 1-1: SOLO HOME RUN (Flyball, 9D, EV 101.9 MPH), Distance : 395 ft
|
|
Batting: LHB John Fortin
|
0-0: Ball 1-0: Foul Ball, location: 2F 1-1: Ball 2-1: Ball 3-1: Foul Ball, location: 2F 3-2: Foul Ball, location: 2F 3-2: Foul Ball, location: 2F 3-2: Base on Balls
|
|
Pitching: RHP Victor de Leon
|
|
|
Batting: RHB Wiliama Dana
|
0-0: Ball 1-0: Ball Wild Pitch! John Fortin to second 2-0: Foul Ball, location: 2F 2-1: Foul Ball, location: 2F 2-2: Strikes out swinging
|
|
Batting: LHB Dusty Bryant
|
0-0: Foul Ball, location: 2F 0-1: Foul Ball, location: 2F 0-2: Ball 1-2: Ground out U3 (Groundball, 3, EV 81.9 MPH) John Fortin to third
|
|
Batting: RHB Chris Riddel
|
0-0: Called Strike 0-1: Ball 1-1: DOUBLE (Line Drive, 8RD, EV 99.4 MPH) John Fortin scores
|
|
Batting: RHB Chris Maul
|
0-0: Ground out 5-3 (Groundball, 5, EV 89.4 MPH)
|
| Bottom of the 5th over - 2 runs, 2 hits, 0 errors, 1 left on base; Eugene 0 - Milwaukee (NYP) 11 |
| TOP OF THE 6TH |
|
Eugene Emeralds batting - Pitching for Milwaukee (NYP) Brewers : RHP Cesar Pulido
|
|
Batting: RHB Juan Lira
|
0-0: Foul Ball, location: 2F 0-1: Ball 1-1: Swinging Strike 1-2: Ball 2-2: Strikes out swinging
|
|
Batting: LHB Jerry Tyson
|
0-0: Ball 1-0: Ball 2-0: SINGLE (Groundball, 4D, EV 98.1 MPH)
|
|
Batting: RHB Hugo Torrez
|
0-0: Ball 1-0: Called Strike 1-1: Ball 2-1: Foul Ball, location: 2F 2-2: Strikes out swinging
|
|
Batting: RHB David Bousfield
|
0-0: Foul Ball, location: 2F 0-1: Called Strike 0-2: Foul Ball, location: 2F 0-2: Ball 1-2: Ball 2-2: Strikes out swinging, 2-3 out at first.
|
| Top of the 6th over - 0 runs, 1 hit, 0 errors, 1 left on base; Eugene 0 - Milwaukee (NYP) 11 |
| BOTTOM OF THE 6TH |
|
Milwaukee (NYP) Brewers batting - Pitching for Eugene Emeralds : RHP Victor de Leon
|
|
Batting: RHB Ryan Miller
|
0-0: Called Strike 0-1: Ball 1-1: Swinging Strike 1-2: Strikes out looking
|
|
Batting: RHB Tristan Smeets
|
0-0: Ball 1-0: Ball 2-0: Ball 3-0: Base on Balls
|
|
Pitching: RHP Brendan Malzone
|
|
|
Batting: RHB Xiao-shuang Au
|
0-0: Ball 1-0: SINGLE (Groundball, 6D, EV 103.1 MPH) Tristan Smeets to second
|
|
Batting: RHB Alfredo Sena
|
0-0: Ball 1-0: Called Strike 1-1: Ball 2-1: Ball 3-1: Foul Ball, location: 2F 3-2: Base on Balls Tristan Smeets to third Xiao-shuang Au to second
|
|
Batting: LHB John Fortin
|
0-0: Ball 1-0: Ball 2-0: Ball 3-0: Base on Balls Tristan Smeets scores Xiao-shuang Au to third Alfredo Sena to second
|
|
Batting: RHB Wiliama Dana
|
0-0: Swinging Strike 0-1: Foul Ball, location: 2F 0-2: Ball 1-2: Ball 2-2: Ball 3-2: Base on Balls Xiao-shuang Au scores Alfredo Sena to third John Fortin to second
|
|
Pitching: LHP Alex Gandarilla
|
|
|
Batting: LHB Dusty Bryant
|
0-0: Foul Ball, location: 2F 0-1: Ball 1-1: SINGLE (Flyball, 4MD, EV 83.8 MPH) Alfredo Sena scores John Fortin to third Wiliama Dana to second
|
|
Batting: RHB Chris Riddel
|
0-0: SINGLE (Groundball, 4MD, EV 101.9 MPH) John Fortin scores Wiliama Dana to third Dusty Bryant to second Runner from 3rd tries for Home, SAFE, throw by CF to home
|
|
Batting: RHB Chris Maul
|
0-0: Ball 1-0: Ball 2-0: Foul Ball, location: 2F 2-1: Foul Ball, location: 2F 2-2: Single, Error in OF, E7, batter to second base (Groundball, 5D, EV 100.0 MPH) Dusty Bryant scores Chris Riddel to third
|
|
Batting: RHB Ryan Miller
|
0-0: Ball 1-0: Foul Ball, location: 2F 1-1: Ball 2-1: Swinging Strike 2-2: Ball 3-2: Foul Ball, location: 2F 3-2: Strikes out looking
|
|
Batting: RHB Tristan Smeets
|
0-0: Called Strike 0-1: SINGLE (Line Drive, 4D, EV 96.2 MPH) Chris Riddel scores Chris Maul to third Throwing error, E9 Chris Maul scores Tristan Smeets to second
|
|
Batting: RHB Xiao-shuang Au
|
0-0: Ball 1-0: Ball 2-0: Ball 3-0: Base on Balls
|
|
Batting: RHB Alfredo Sena
|
0-0: Called Strike 0-1: Ball 1-1: Ball 2-1: Foul Ball, location: 2F 2-2: Foul Ball, location: 2F 2-2: Ball 3-2: Foul Ball, location: 2F 3-2: Base on Balls Tristan Smeets to third Xiao-shuang Au to second
|
|
Batting: LHB John Fortin
|
0-0: Fly out, F8 (Flyball, 8RD, EV 83.1 MPH)
|
| Bottom of the 6th over - 8 runs, 5 hits, 2 errors, 3 left on base; Eugene 0 - Milwaukee (NYP) 19 |
| TOP OF THE 7TH |
|
Eugene Emeralds batting - Pitching for Milwaukee (NYP) Brewers : RHP Cesar Pulido
|
|
Pitching: RHP Omar Morales
|
|
|
Batting: RHB Jorge Lagunas
|
0-0: Ground out 4-3 (Groundball, 4, EV 97.5 MPH)
|
|
Batting: RHB Bartolo Aguilar
|
0-0: SINGLE (Groundball, 5S, EV 63.1 MPH) (infield hit)
|
|
Batting: RHB Mike Larson
|
0-0: Called Strike 0-1: Foul Ball, location: 2F 0-2: Strikes out looking
|
|
Batting: RHB Dustin Goldsborough
|
0-0: Ball 1-0: Fielders Choice at 2nd, 6-4 (Groundball, 6, EV 83.1 MPH)
|
| Top of the 7th over - 0 runs, 1 hit, 0 errors, 1 left on base; Eugene 0 - Milwaukee (NYP) 19 |
| BOTTOM OF THE 7TH |
|
Milwaukee (NYP) Brewers batting - Pitching for Eugene Emeralds : LHP Alex Gandarilla
|
|
Batting: RHB Wiliama Dana
|
0-0: Ball 1-0: Called Strike 1-1: Ball 2-1: SINGLE (Line Drive, 9, EV 91.2 MPH)
|
|
Batting: LHB Dusty Bryant
|
0-0: Ball 1-0: Called Strike 1-1: Ball 2-1: SINGLE (Line Drive, 3D, EV 106.9 MPH) Wiliama Dana to second
|
|
Batting: RHB Chris Riddel
|
0-0: Ball 1-0: SINGLE (Line Drive, 8LS, EV 106.9 MPH) Wiliama Dana to third Dusty Bryant to second Runner from 3rd tries for Home, SAFE, throw by CF to home
|
|
Batting: RHB Chris Maul
|
0-0: Ball 1-0: DOUBLE (Line Drive, 89D, EV 102.5 MPH) Dusty Bryant scores Chris Riddel to third
|
|
Batting: RHB Ryan Miller
|
0-0: Ball 1-0: Ball 2-0: Called Strike 2-1: Foul Ball, location: 2F 2-2: Fly out, F4 (Popup, 34, EV 61.9 MPH)
|
|
Batting: RHB Tristan Smeets
|
0-0: Called Strike 0-1: Ball 1-1: Called Strike 1-2: Foul Ball, location: 2F 1-2: Ball Wild Pitch! Chris Riddel scores Chris Maul to third 2-2: Foul Ball, location: 2F 2-2: SINGLE (Line Drive, 56, EV 97.5 MPH) Chris Maul scores
|
|
Pinch Hitting: RHB Jonathan Sarles
|
0-0: Fielders Choice at 2nd, 3-6 (Groundball, 34S, EV 81.9 MPH)
|
|
Pinch Hitting: RHB Michael Dickerson
|
0-0: Ball 1-0: Foul Ball, location: 2F 1-1: Ball 2-1: Foul Ball, location: 2F 2-2: Strikes out looking
|
| Bottom of the 7th over - 4 runs, 5 hits, 0 errors, 1 left on base; Eugene 0 - Milwaukee (NYP) 23 |
| TOP OF THE 8TH |
|
Eugene Emeralds batting - Pitching for Milwaukee (NYP) Brewers : RHP Omar Morales
|
|
Now at 3B: Jonathan Sarles
|
|
|
Now in CF: Michael Dickerson
|
|
|
Batting: RHB T.J. Garrison
|
0-0: Ball 1-0: Fly out, F8 (Flyball, 89D, EV 101.2 MPH)
|
|
Batting: RHB Juan Lira
|
0-0: Called Strike 0-1: SINGLE (Line Drive, 4D, EV 102.5 MPH)
|
|
Batting: LHB Jerry Tyson
|
0-0: Bunted foul 0-1: Bunt missed! 0-2: Bunt missed, Strikeout!
|
|
Batting: RHB Hugo Torrez
|
0-0: Called Strike 0-1: Swinging Strike 0-2: Strikes out swinging
|
| Top of the 8th over - 0 runs, 1 hit, 0 errors, 1 left on base; Eugene 0 - Milwaukee (NYP) 23 |
| BOTTOM OF THE 8TH |
|
Milwaukee (NYP) Brewers batting - Pitching for Eugene Emeralds : LHP Alex Gandarilla
|
|
Batting: LHB John Fortin
|
0-0: Foul Ball, location: 2F 0-1: Ball 1-1: Foul Ball, location: 2F 1-2: Ball 2-2: Strikes out looking
|
|
Batting: RHB Wiliama Dana
|
0-0: Foul Ball, location: 2F 0-1: Foul Ball, location: 2F 0-2: Foul Ball, location: 2F 0-2: Foul Ball, location: 2F 0-2: Ball 1-2: Foul Ball, location: 2F 1-2: Ball 2-2: Ball 3-2: Base on Balls
|
|
Batting: LHB Dusty Bryant
|
0-0: Ball 1-0: Ball 2-0: Ball 3-0: Base on Balls Wiliama Dana to second
|
|
Batting: RHB Chris Riddel
|
0-0: DOUBLE (Line Drive, 78M, EV 94.4 MPH) Wiliama Dana scores Dusty Bryant to third
|
|
Pinch Runner at 2nd Fumito Sakurai:
|
|
|
Batting: RHB Chris Maul
|
0-0: Ball 1-0: Called Strike 1-1: Called Strike 1-2: Ball 2-2: Ball 3-2: Base on Balls
|
|
Batting: RHB Ryan Miller
|
0-0: Foul Ball, location: 2F 0-1: Ball 1-1: Swinging Strike 1-2: Foul Ball, location: 2F 1-2: Ball 2-2: Foul Ball, location: 2F 2-2: Foul Ball, location: 2F 2-2: Strikes out swinging
|
|
Batting: RHB Tristan Smeets
|
0-0: Ball 1-0: Called Strike 1-1: Swinging Strike 1-2: Foul Ball, location: 2F 1-2: Strikes out swinging
|
| Bottom of the 8th over - 1 run, 1 hit, 0 errors, 3 left on base; Eugene 0 - Milwaukee (NYP) 24 |
| TOP OF THE 9TH |
|
Eugene Emeralds batting - Pitching for Milwaukee (NYP) Brewers : RHP Omar Morales
|
|
Now at C: Michael Dickerson
|
|
|
Now in CF: Fumito Sakurai
|
|
|
Batting: RHB David Bousfield
|
0-0: Called Strike 0-1: Swinging Strike 0-2: Ball 1-2: Foul Ball, location: 2F 1-2: Ball 2-2: Foul Ball, location: 2F 2-2: Foul Ball, location: 2F 2-2: Foul Ball, location: 2F 2-2: Ball 3-2: Strikes out swinging
|
|
Batting: RHB Jorge Lagunas
|
0-0: Fly out, F9 (Flyball, 89D, EV 92.5 MPH)
|
|
Batting: RHB Bartolo Aguilar
|
0-0: Ball 1-0: Foul Ball, location: 2F 1-1: Swinging Strike 1-2: Strikes out swinging
|
| Top of the 9th over - 0 runs, 0 hits, 0 errors, 0 left on base; Eugene 0 - Milwaukee (NYP) 24 |
|